 Dungeon Crawl Stone Soup version 0.31-a0-1447-g87ca8d402b (webtiles) character file.

Game seed: 15574650894226733613

24 gruber the Conjurer (level 2, -1/20 HPs)
             Began as a Draconian Conjurer on Dec 27, 2023.
             Killed from afar by Natasha (4 damage)
             ... with a magic dart
             ... on level 2 of the Dungeon.
             The game lasted 00:00:53 (1398 turns).

gruber the Conjurer (Draconian Conjurer)            Turns: 1398, Time: 00:00:54

Health: -1/20      AC:  4    Str:  9    XL:     2   Next: 79%
Magic:  0/5        EV: 12    Int: 18    God:
Gold:   104        SH:  0    Dex:  9    Spells: 2/5 levels left

rFire   . . .        j - +0 long sword
rCold   . . .        (no shield)
rNeg    . . .        (body armour unavailable)
rPois   .            (helmet restricted)
rElec   .            (no cloak)
rCorr   .            (no gloves)
SInv    .            (no boots)
Will    .....        (no amulet)
Stlth   ++           (no ring)
HPRegen 0.23/turn    (no ring)
MPRegen 0.09/turn

%: no passive effects
@: no status effects
A: AC +4, unfitting armour, cold-blooded
a: no special abilities


You were on level 2 of the Dungeon.
You visited 1 branch of the dungeon, and saw 2 of its levels.

You collected 104 gold pieces.

Inventory:

Hand Weapons
 j - a +0 long sword (weapon)
Scrolls
 b - 3 scrolls of identify {unknown}
 c - a scroll of brand weapon {unknown}
 e - a scroll of teleportation {unknown}
 f - a scroll of silence {unknown}
 i - a scroll of fear {unknown}
Potions
 a - a potion of magic
 d - 2 potions of curing {unknown}
 h - a potion of heal wounds {unknown}


   Skills:
 - Level 1.7 Dodging
 - Level 1.7 Stealth
 - Level 2.0 Spellcasting
 + Level 4.9 Conjurations


You had 2 spell levels left.
You knew the following spells:

 Your Spells              Type           Power      Damage    Failure   Level
a - Magic Dart            Conj           76%        1d6       2%          1
b - Searing Ray           Conj           38%        2d5       3%          2

Your spell library contained the following spells:

 Spells                   Type           Power      Damage    Failure   Level
 Fugue of the Fallen      Necr           1%         N/A       47%         3
 Ozocubu's Armour         Ice            1%         N/A       47%         3
 Fulminant Prism          Conj/Alch      5%         3d6       54%         4
 Iskenderun's Mystic Bla  Conj/Tloc      10%        2d4       54%         4
 Manifold Assault         Tloc           1%         N/A       87%         4


Dungeon Overview and Level Annotations

Branches:
Dungeon (2/15)

Altars:

Annotations:
D:2 Natasha


Innate Abilities, Weirdness & Mutations

Your plain brown scales are hard. (AC +4)
You cannot fit into any form of body armour.
You are cold-blooded and may be slowed by cold attacks.


Message History

There is a stone staircase leading down here.
You climb downwards.
Level annotation: Natasha
There is a stone staircase leading up here.
Natasha is nearby!
Natasha is nearby!
Natasha is nearby!
Natasha is nearby!
Casting: Magic Dart (safe; 2% risk of failure)
Confirm with . or Enter, or press ? or * to list all spells.
Aiming: Searing Ray (safe; 3% risk of failure)
Press: ? - help, Shift-Dir - straight line, f - Natasha
Aim: Natasha, carrying a wand of flame (72% to hit)
The searing ray hits Natasha.
Natasha is lightly wounded. (Press . to maintain the ray.) Unknown command.
The searing ray hits Natasha!
Natasha is severely wounded.
Natasha zaps a wand.
The puff of flame hits you!
Ouch! That really hurt!
The searing ray misses Natasha.
Natasha casts a spell at you. The magic dart hits you!
* * * LOW HITPOINT WARNING * * *
The searing ray hits Natasha.
Natasha is almost dead.
You finish channelling your searing ray.
Natasha stares at you and mumbles some strange words.
You resist with significant effort.
Unknown command.
Unknown command.
Unknown command.
You aren't carrying any items that you can evoke.
Natasha wildly gestures.
Natasha shimmers violently.
Natasha casts a spell at you. The magic dart hits you.
You die...
Natasha curls up and begins to purr.

##.###.##...###.##
#..........## #.#
##########..##.#...#####.#
#.)........#...#.#........
#.......####.....#........
#.....### #...###.......[.
#.....############...>.....
#........................
#.....####......@h.......
......##...#######.......
.........### .....
#.....#### J... #.....# ###
#######


You could see Natasha and an endoplasm (wandering).

Vanquished Creatures
  A dart slug (D:1)
  3 ball pythons
  A bat (D:1)
  4 endoplasms (D:1)
  A giant cockroach (D:1)
  3 goblins (D:1)
  A hobgoblin (D:1)
  2 kobolds
  A quokka (D:1)
  A rat (D:1)
18 creatures vanquished.

Notes
Turn   | Place    | Note
-------+----------+-------------------------------------------
     0 | D:1      | gruber the Draconian Conjurer began the quest for the Orb.
     0 | D:1      | Reached XP level 1. HP: 14/14 MP: 3/3
   250 | D:1      | Reached XP level 2. HP: 20/20 MP: 1/5
  1294 | D:2      | Noticed Natasha
  1341 | D:1      | Learned a level 2 spell: Searing Ray
  1398 | D:2      | Killed from afar by Natasha

Illustrated notes

Levels and vault maps discovered:
D:1:      ebering_hopf_link, layout_basic, minmay_misc_feat_rows
D:2:      layout_rooms, due_unseen_surprise, uniq_natasha

Action                     || total
---------------------------++-------
  Melee: Unarmed           ||    18
         Tailslap          ||     4
   Cast: Magic Dart        ||    38
         Searing Ray       ||     1
 Armour: Skin              ||    13
  Dodge: Dodged            ||    12

Table legend: (Time is in decaauts)
 A = Elapsed time spent in this place.
 B = Non-inter-level travel time spent in this place.
 C = Inter-level travel time spent in this place.
 D = Time resting spent in this place.
 E = Time spent auto-exploring this place.
 F = Levels seen in this place.
 G = Mean time per level.
                   A        B        C        D        E       F      G
               +--------+--------+--------+--------+--------+-----+--------+
         Total |   1397 |   1335 |     62 |     37 |   1180 |   2 |  698.5 |
       Dungeon |   1397 |   1335 |     62 |     37 |   1180 |   2 |  698.5 |
               +--------+--------+--------+--------+--------+-----+--------+

Top non-repeatable levels by time:
     D:1: 1269 daAuts
     D:2: 128 daAuts
